 Dungeon Crawl Stone Soup version 0.19.4-8-ga85b6b9 (webtiles) character file.

91 vatarom the Ducker (level 4, 0/33 HPs)
             Began as a Demonspawn Gladiator on Feb 12, 2017.
             Shot with a stone by a goblin (3 damage)
             ... on level 3 of the Dungeon.
             The game lasted 00:04:03 (2281 turns).

vatarom the Ducker (Demonspawn Gladiator)           Turns: 2281, Time: 00:04:04

Health: 0/33       AC:  3    Str: 14 (15) XL:     4   Next: 33%
Magic:  3/3        EV: 12    Int: 11      God:
Gold:   111        SH:  4    Dex: 13      Spells: 0 memorised, 3 levels left

rFire  . . .     SeeInvis .     a - +1 war axe
rCold  . . .     Gourm    .     b - +0 leather armour
rNeg   . . .     Faith    .     g - +0 buckler
rPois  .         Spirit   .     (helmet restricted)
rElec  .         Reflect  .     (no cloak)
rCorr  .         Harm     .     (no gloves)
MR     +....                    (no boots)
Stlth  +.........               (no amulet)
                                (no ring)
                                (no ring)

@: lethally poisoned (0 -> -3)
A: antennae 1, claws 1, low mp 1, magic resistance 1
a: no special abilities


You were on level 3 of the Dungeon.
You were not hungry.

You visited 1 branch of the dungeon, and saw 3 of its levels.

You collected 111 gold pieces.

Inventory:

Hand Weapons
 a - a +1 war axe (weapon)
Missiles
 d - 3 throwing nets (quivered)
Armour
 b - a +0 leather armour (worn)
 c - a +0 helmet
 g - a +0 buckler (worn)
Wands
 k - a wand of flame (27/48)
 m - a wand of iceblast (9/15)
Scrolls
 l - a scroll of remove curse
 n - a scroll of enchant weapon
 o - a scroll of fog
 p - a scroll of identify
Potions
 e - 2 potions of heal wounds
Comestibles
 f - 6 chunks of flesh
 h - a slice of pizza
 i - a meat ration
 j - a bread ration


   Skills:
 - Level 2.0 Fighting
 - Level 2.6 Axes
 - Level 1.7 Throwing
 - Level 2.3 Armour
 - Level 2.6 Dodging
 * Level 2.5 Shields


You had 3 spell levels left.
You didn't know any spells.

Dungeon Overview and Level Annotations

Branches:
Dungeon (3/15)

Altars:
Fedhas
Okawaru
Ru


Innate Abilities, Weirdness & Mutations

You have sharp fingernails.
You have a pair of small antennae on your head.
Your magical capacity is low. (-10% MP)
You are resistant to hostile enchantments. (MR+)


Message History

The stone hits you. The adder completely misses you.
You closely miss the adder.
The adder is heavily wounded.
The adder bites you.
You are poisoned.
The adder poisons you!
The goblin shoots a stone.
The stone barely misses you. The adder bites you.
You are too injured to fight recklessly!
You are too injured to fight recklessly!
You closely miss the adder.
The adder is heavily wounded.
You feel sick. The adder bites you.
* * * LOW HITPOINT WARNING * * *
The goblin shoots a stone.
The stone misses you.
You barely miss the adder.
The adder is heavily wounded.
You feel sick. The adder bites you.
* * * LOW HITPOINT WARNING * * *
The goblin shoots a stone.
The stone hits you.
You die...

.#.##.##.# ...#.##.#
#..#.##.# #..#.##[# #
#..#.##.# ##.###..#.##.#
.g...........#######
.#.#...............#####
.......@#...............
.#.#..#S#######....#####
.....#$# #.........
##.## #.# #...#####. #
... ###..# #. ... ....#
#. ... ###.[# #. ##.##
.....#####. ###.......


You could see an adder and a goblin.

Vanquished Creatures
  Ijyb (D:3)
  7 dart slugs
  A leopard gecko (D:2)
  A giant cockroach (D:1)
  5 goblins
  6 hobgoblins
  9 jackals
  6 kobolds
  A quokka (D:3)
  A bat (D:3)
  3 frilled lizards
  3 rats
44 creatures vanquished.

Notes
Turn   | Place    | Note
-------+----------+-------------------------------------------
     0 | D:1      | vatarom the Demonspawn Gladiator began the quest for the Orb.
     0 | D:1      | Reached XP level 1. HP: 16/16 MP: 1/1
   168 | D:1      | Reached skill level 1 in Armour
   267 | D:1      | Gained mutation: You have sharp fingernails. [demonic ancestry]
   267 | D:1      | Reached XP level 2. HP: 22/22 MP: 2/2
   376 | D:1      | HP: 1/22 [dart slug (1)]
  1111 | D:1      | Reached XP level 3. HP: 19/27 MP: 3/3
  1462 | D:2      | Gained mutation: You have a pair of small antennae on your head. [potion of mutation]
  1462 | D:2      | Gained mutation: Your magical capacity is low. (-10% MP) [potion of mutation]
  1462 | D:2      | Gained mutation: You are resistant to hostile enchantments. (MR+) [potion of mutation]
  1610 | D:2      | Reached skill level 1 in Shields
  1679 | D:2      | Found a blossoming altar of Fedhas.
  1765 | D:2      | Found an iron altar of Okawaru.
  2096 | D:3      | Found a sacrificial altar of Ru.
  2137 | D:3      | Noticed Ijyb
  2161 | D:3      | Killed Ijyb
  2161 | D:3      | Reached XP level 4. HP: 16/33 MP: 3/3
  2281 | D:3      | Shot with a stone by a goblin

Skill      XL: |  1  2  3 |
---------------+----------+-----
Armour         | 1 2 |  2.3
Shields        | 2 |  2.5
Fighting       | |  2.0
Axes           | |  2.6
Throwing       | |  1.7
Dodging        | |  2.6

Action                   |  1- 3 |  4- 6 || total
-------------------------+-------+-------++-------
Melee: War axe           |   121 |     5 ||   126
  Use: Potion            |     7 |       ||     7
       Scroll            |     4 |       ||     4
  Eat: Chunk             |     1 |       ||     1
       Bread ration      |     1 |       ||     1
Armor: Leather armour    |    29 |     1 ||    30
Dodge: Dodged            |    67 |     6 ||    73
Block: Buckler           |    18 |       ||    18
